 Dungeon Crawl Stone Soup version 0.31-a0-986-g5e6e4ef867 (webtiles) character file.

Game seed: 12074156770328045690

2 gelatine the Chiller (level 1, -1/13 HPs)
             Began as a Demonspawn Ice Elementalist on Nov 11, 2023.
             Slain by a hobgoblin (5 damage)
             ... on level 1 of the Dungeon.
             The game lasted 00:00:36 (60 turns).

gelatine the Chiller (Demonspawn Ice Elementalist)    Turns: 60, Time: 00:00:37

Health: -1/13      AC:  2    Str:  8    XL:     1   Next: 33%
Magic:  1/3        EV: 12    Int: 16    God:
Gold:   0          SH:  0    Dex: 13    Spells: 3/4 levels left

rFire   . . .        (no weapon)
rCold   . . .        (no shield)
rNeg    . . .        a - +0 robe
rPois   .            (no helmet)
rElec   .            (no cloak)
rCorr   .            (no gloves)
SInv    .            (no boots)
Will    .....        (no amulet)
Stlth   ++           (no ring)
HPRegen 0.22/turn    (no ring)
MPRegen 0.08/turn

%: no passive effects
@: no status effects
A: no striking features
a: no special abilities


You were on level 1 of the Dungeon.
You visited 1 branch of the dungeon, and saw 1 of its levels.

Inventory:

Armour
 a - a +0 robe (worn)
Potions
 b - a potion of magic


   Skills:
 + Level 1.8 Dodging
 + Level 1.8 Stealth
 + Level 2.0 Spellcasting
 + Level 3.7 Ice Magic


You had 3 spell levels left.
You knew the following spells:

 Your Spells              Type           Power      Damage    Failure   Level
a - Freeze                Ice            52%        1d6       4%          1

Your spell library contained the following spells:

 Spells                   Type           Power      Damage    Failure   Level
 Frozen Ramparts          Ice            26%        1d4       14%         3
 Ozocubu's Armour         Ice            13%        N/A       14%         3
 Summon Ice Beast         Ice/Summ       7%         N/A       67%         4


Dungeon Overview and Level Annotations

Branches:
Dungeon (1/15)

Altars:


Message History

Press ? for a list of commands and other information.
Found an escape hatch in the floor.
Found a staircase leading out of the dungeon.
You open the door.
There is an open door here.
You enter the shallow water.
Moving in this stuff is going to be slow.
A jackal comes into view.
You can't see any susceptible monsters within range! (Use Z to cast anyway.)
The jackal barks!
You hear a bark! x3
The jackal bites you.
You freeze the jackal.
You kill the jackal!
HP restored.
Magic restored.
You see here a jackal corpse.
A jackal comes into view.
The jackal moves out of view.
The jackal barks!
You hear a shout!
You see here a jackal corpse.
You freeze the jackal.
The jackal is moderately wounded.
The jackal barely misses you. The jackal bites you.
You freeze the jackal!
You kill the jackal!
A hobgoblin comes into view.
A jackal comes into view.
The hobgoblin hits you.
You freeze the hobgoblin.
The hobgoblin is moderately wounded.
The hobgoblin hits you.
The jackal pauses to sniff the ground.
You are too injured to fight recklessly!
Casting: Freeze (safe; 4% risk of failure)
Confirm with . or Enter, or press ? or * to list all spells.
You don't have enough magic to cast this spell.
Unknown command.
The hobgoblin attacks as it pursues you!
The hobgoblin hits you.
You die...

≈≈ ≈≈~# ≈ #≈
###≈≈~#
≈≈##≈≈#>#≈≈~# .
≈≈≈≈≈≈#<#≈~.# h.
≈≈≈≈≈≈#'#~.~# ...
≈≈≈≈≈≈≈~~~.# ....
~~~~~~~.~.## .....
#######.#####......
#.†@g...h....
#######...... .....
#.## .. .


You could see a jackal and a hobgoblin.

Vanquished Creatures
  2 jackals (D:1)
2 creatures vanquished.

Notes
Turn   | Place    | Note
-------+----------+-------------------------------------------
     0 | D:1      | gelatine the Demonspawn Ice Elementalist began the quest
                  | for the Orb.
     0 | D:1      | Reached XP level 1. HP: 13/13 MP: 3/3
    60 | D:1      | Slain by a hobgoblin

Illustrated notes

Levels and vault maps discovered:
D:1:      minmay_arrival_floating_metal, layout_basic, serial_park_tiny_1,
          item_on_display_a

Action                     || total
---------------------------++-------
   Cast: Freeze            ||     4
 Armour: Robe              ||     5
  Dodge: Dodged            ||     1

Table legend: (Time is in decaauts)
 A = Elapsed time spent in this place.
 B = Non-inter-level travel time spent in this place.
 C = Inter-level travel time spent in this place.
 D = Time resting spent in this place.
 E = Time spent auto-exploring this place.
 F = Levels seen in this place.
 G = Mean time per level.
                   A        B        C        D        E       F      G
               +--------+--------+--------+--------+--------+-----+--------+
         Total |     61 |     61 |      0 |      0 |     25 |   1 |   61.0 |
       Dungeon |     61 |     61 |      0 |      0 |     25 |   1 |   61.0 |
               +--------+--------+--------+--------+--------+-----+--------+

Top non-repeatable levels by time:
     D:1: 61 daAuts
